 Dungeon Crawl Stone Soup version 0.30-a0-986-g7f2e898f52 (webtiles) character file.

Game seed: 15397560639263823728

102 bande the Trooper (level 4, -11/29 HPs)
             Began as a Gargoyle Fighter on Apr 1, 2023.
             Mangled by an ogre
             ... wielding a +0 giant club
              (15 damage)
             ... on level 3 of the Dungeon.
             The game lasted 00:03:31 (1311 turns).

bande the Trooper (Gargoyle Fighter)                Turns: 1311, Time: 00:03:32

Health: -11/29     AC: 10    Str: 19    XL:     4   Next: 78%
Magic:  4/4        EV:  9    Int:  9    God:
Gold:   72         SH:  4    Dex: 11    Spells: 2/3 levels left

rFire   . . .      SeeInvis .    a - +0 war axe
rCold   . . .      Faith    .    c - +0 buckler
rNeg    + . .      Spirit   .    b - +0 scale mail
rPois   ∞          Reflect  .    (no helmet)
rElec   +          Rampage  .    (no cloak)
rCorr   .                        (no gloves)
Will    .....                    (no boots) Stlth
                                 (no amulet)
HPRegen 0.24/turn                (no ring)
MPRegen 0.09/turn                (no ring)

@: silenced (expiring)
A: sickness immunity, AC +3, negative energy resistance 1, electricity
resistance, torment resistance 1, petrification resistance
a: no special abilities


You were on level 3 of the Dungeon.
You visited 1 branch of the dungeon, and saw 3 of its levels.

You collected 72 gold pieces.

Inventory:

Hand Weapons
 a - a +0 war axe (weapon)
Armour
 b - a +0 scale mail (worn)
 c - a +0 buckler (worn)
Scrolls
 e - 3 scrolls of identify
 i - a scroll of noise
 l - 2 scrolls of blinking
Potions
 d - a potion of might
 g - 2 potions of curing {unknown}
 j - 2 potions of mutation {unknown}
 k - 4 potions of ambrosia
 m - a potion of flight {unknown}
 p - a potion of brilliance {unknown}


   Skills:
 + Level 4.0 Fighting
 + Level 3.0 Axes
 + Level 3.8 Armour
 + Level 3.6 Shields
 * Level 0.9 Translocations


You had 2 spell levels left.
You knew the following spells:

 Your Spells              Type           Power      Damage    Failure   Level
a - Apportation           Tloc           2%         N/A       71%         1

Your spell library contained the following spells:

 Spells                   Type           Power      Damage    Failure   Level
 Necrotise                Necr           0%         1d4       83%         1
 Summon Small Mammal      Summ           0%         N/A       83%         1


Dungeon Overview and Level Annotations

Branches:
Dungeon (3/15)

Altars:


Innate Abilities, Weirdness & Mutations

You are immune to sickness and miasma.
Your stone body is resilient. (AC +3)
You are immune to poison.
You resist negative energy. (rN+)
You are resistant to electric shocks. (rElec)
You are resistant to unholy torment.
You are immune to petrification.


Message History

Your butterfly is engulfed in poison gas.
Your butterfly looks even sicker.
You kill your butterfly!
Your butterfly disappears in a burst of colours!
Unknown command.
Unknown command.
An endoplasm comes into view.
An ogre and an orc come into view.
You feel your willpower return. 2 orcs come into view.
The endoplasm freezes you.
You are frozen.
You barely miss the endoplasm. The endoplasm barely misses you.
You hit the endoplasm.
You kill the endoplasm!
Your Axes skill increases to level 3!
You block the orc's attack.
You closely miss the orc. The orc barely misses you.
The ogre completely misses you. The orc closely misses you. x2
A goblin comes into view. It is wielding a +0 club.
You slash the ogre!
The ogre is moderately wounded.
You barely miss the orc. You slash the orc!
You kill the orc!
You hit the orc. The orc barely misses you. The orc hits you with a +0 club.
The ogre hits you with a +0 giant club!
Ouch! That really hurt!
You block the orc's attack. The orc closely misses you.
Things that are here:
a +0 short sword; an orc corpse You slash the orc!
You kill the orc!
You hit the ogre but do no damage. You completely miss the orc.
You block the orc's attack. The ogre hits you with a +0 giant club.
* * * LOW HITPOINT WARNING * * *
The orc barely misses you.
Unknown command.
The ogre attacks as you move away! The ogre hits you with a +0 giant club!
Ouch! That really hurt!
You die...

##########.##
#..............
#..............
#..............
#..............
#..............
#..............
#......).......
#......@.g.....
#.....Oo.......
#..............
#..............
#.....>........
#..............
#..............
#..............
####..........


You could see an ogre, an orc and a goblin.

Vanquished Creatures
  4 adders
  2 worms (D:2)
  A dart slug (D:2)
  2 orcs (D:3)
  8 ball pythons
  2 bats
  7 endoplasms
  A giant cockroach (D:1)
  3 goblins
  7 hobgoblins
  4 kobolds
  2 quokkas (D:1)
  5 frilled lizards
  9 rats
57 creatures vanquished.

Notes
Turn   | Place    | Note
-------+----------+-------------------------------------------
     0 | D:1      | bande the Gargoyle Fighter began the quest for the Orb.
     0 | D:1      | Reached XP level 1. HP: 14/14 MP: 1/1
   121 | D:1      | Reached XP level 2. HP: 20/20 MP: 2/2
   440 | D:1      | Reached XP level 3. HP: 24/24 MP: 3/3
   645 | D:2      | Learned a level 1 spell: Apportation
   759 | D:2      | Reached skill level 4 in Fighting
   759 | D:2      | Reached XP level 4. HP: 29/29 MP: 4/4
  1302 | D:3      | Noticed an ogre
  1311 | D:3      | Mangled by an ogre

Illustrated notes

Levels and vault maps discovered:
D:1:      onia_arrival_handbag, layout_basic
D:2:      layout_loops_cross
D:3:      layout_basic, portal_sewer_entry_a, uniq_crazy_yiuf_cottage

Skill      XL: |  1  2  3  4 |
---------------+-------------+-----
Axes           | 2 3 |  3.0
Fighting       | 4 |  4.0
Armour         | |  3.8
Shields        | |  3.6
Translocations | |  0.9

Action                     |  1- 3 |  4- 6 || total
---------------------------+-------+-------++-------
  Melee: War axe           |   142 |    46 ||   188
    Use: Scroll            |       |     8 ||     8
 Armour: Scale mail        |    76 |    19 ||    95
  Dodge: Dodged            |    65 |    21 ||    86
  Block: Buckler           |    45 |    13 ||    58

Table legend: (Time is in decaauts)
 A = Elapsed time spent in this place.
 B = Non-inter-level travel time spent in this place.
 C = Inter-level travel time spent in this place.
 D = Time resting spent in this place.
 E = Time spent auto-exploring this place.
 F = Levels seen in this place.
 G = Mean time per level.
                   A        B        C        D        E       F      G
               +--------+--------+--------+--------+--------+-----+--------+
         Total |   1390 |   1375 |     15 |      0 |    918 |   3 |  463.3 |
       Dungeon |   1390 |   1375 |     15 |      0 |    918 |   3 |  463.3 |
               +--------+--------+--------+--------+--------+-----+--------+

Top non-repeatable levels by time:
     D:2: 702 daAuts
     D:1: 621 daAuts
     D:3: 65 daAuts
